 Dungeon Sprint DCSS version 0.23.2-30-g0e89c35649 (webtiles) character file.

Game seed: 6699660661377560704

24 HASTUR3 the Insei (level 2, 0/24 HPs)
             Began as a Demonspawn Chaos Knight on June 17, 2019.
             Was a Plaything of Xom.
             Slain by a water elemental (4 damage)
             ... in the Dungeon (Sprint III: "The Ten Rune Challenge").
             The game lasted 00:02:21 (401 turns).

HASTUR3 the Insei (Demonspawn Chaos Knight)          Turns: 401, Time: 00:02:22

Health: 0/24       AC:  5    Str: 14    XL:     2   Next: 79%
Magic:  2/2        EV: 11    Int: 15    God:    Xom [..*...]
Gold:   26         SH:  0    Dex: 12    Spells: 1/1 levels left

rFire    . . .     SeeInvis .     - Unarmed
rCold    . . .     Gourm    .   (no shield)
rNeg     . . .     Faith    .   a - +2 leather armour
rPois    .         Spirit   .   (no helmet)
rElec    .         Reflect  .   (no cloak)
rCorr    .         Harm     .   (no gloves)
MR       .....     NoTele   +   (no boots)
Stlth    +.........             (no amulet)
HPRegen  0.08/turn              (no ring)
MPRegen  0.08/turn              (no ring)

@: no status effects
A: hooves 1, clever 1, high mp 1, spiny 1, strong 1, evolution 1
a: Renounce Religion


You were in the Dungeon.
You worshipped Xom.
You were a toy of Xom.
You were not hungry.

You visited 1 branch You collected 26 gold pieces.

Inventory:

Armour
 a - a +2 leather armour (worn)
Scrolls
 c - a scroll of holy word {unknown}
 d - 3 scrolls of identify
 e - 2 scrolls of remove curse
 h - a scroll of blinking
 k - 2 scrolls of torment {unknown}
 l - a scroll of fog {unknown}
Potions
 f - 2 potions of magic
 g - a potion of berserk rage
 j - 4 potions of flight
 m - 4 potions of mutation
Comestibles
 b - 3 rations


   Skills:
 - Level 3.0 Fighting
 - Level 1.7 Armour
 - Level 0.8 Dodging
 + Level 5.9 Unarmed Combat


You had one spell level left.
You didn't know any spells.
Your spell library was empty.

Dungeon Overview and Level Annotations

Branches:
Dungeon (1/1)

Altars:


Innate Abilities, Weirdness & Mutations

You are partially covered in sharp spines.
You have large cloven feet.
Your mind is acute. (Int +2)
You have an increased reservoir of magic. (+10% MP)
Your muscles are strong. (Str +2)
You evolve.


Message History

There is an open door here.
Okay, then.
Okay, then.
You open the door.
There is an open door to the Ecumenical Temple here.
You hit the water elemental. You kick the water elemental.
The water elemental is lightly damaged.
The water elemental is struck by your spines.
The water elemental hits you.
You hit the water elemental.
The water elemental is moderately damaged.
The water elemental hits you!
Ouch! That really hurt!
* * * LOW HITPOINT WARNING * * *
You punch the water elemental!
The water elemental is heavily damaged.
The water elemental is struck by your spines.
The water elemental hits you.
You die...
Xom cackles wildly!

▓...#......#####..#
▓..##.......#..#..#
▓##.##.##...#..#..###+#+##
##.##.###..##'#..#.......
▓#.####.##..###...'.⌠.....
▓.###..##..####...#...####
▓#.....##..###....#.⌠.#
###..##...##.....#...#
##..##...@#......#+###
#..###..##E#.....# #(.#
#..#####....# ▓▓▓▓ ▓▓▓▓
▓▓▓▓▓▓


You could see a water elemental.

Vanquished Creatures
  A human (D)
  A phantom (D)
  4 rats (D)
6 creatures vanquished.

Vanquished Creatures (others)
  2 draconian scorchers (D)
  6 hellions (D)
  A yaktaur (D)
9 creatures vanquished.

Grand Total: 15 creatures vanquished

Notes
Turn   | Place    | Note
-------+----------+-------------------------------------------
     0 | D        | HASTUR3 the Demonspawn Chaos Knight began the quest for the
                  | Orb.
     0 | D        | Reached XP level 1. HP: 18/18 MP: 1/1
     8 | D        | Reached skill level 3 in Unarmed Combat
    24 | D        | Killed a yaktaur
    73 | D        | XOM: butterfly on damage
    93 | D        | Reached skill level 5 in Unarmed Combat
    93 | D        | Gained mutation: You are partially covered in sharp spines.
                  | [demonic ancestry]
    93 | D        | Reached XP level 2. HP: 2/24 MP: 2/2
   132 | D        | Killed a hellion
   133 | D        | Killed a hellion
   133 | D        | Killed a hellion
   134 | D        | Killed a hellion
   137 | D        | Killed a hellion
   154 | D        | XOM: cloud trail
   158 | D        | Killed a white draconian scorcher
   279 | D        | Noticed a water elemental
   280 | D        | Killed a white draconian scorcher
   373 | D        | Gained mutation: Your body sometimes deteriorates upon
                  | taking damage. [potion of mutation]
   373 | D        | Gained mutation: You evolve. [potion of mutation]
   373 | D        | Gained mutation: Armour fits poorly on your strangely
                  | shaped body. [potion of mutation]
   373 | D        | Gained mutation: Your mind is acute. (Int +2) [potion of
                  | mutation]
   374 | D        | Lost mutation: Armour fits poorly on your strangely shaped
                  | body. [potion of mutation]
   374 | D        | Lost mutation: Your body sometimes deteriorates upon taking
                  | damage. [potion of mutation]
   374 | D        | Gained mutation: You have an increased reservoir of magic.
                  | (+10% MP) [potion of mutation]
   374 | D        | Gained mutation: You have large cloven feet. [potion of
                  | mutation]
   374 | D        | Gained mutation: Your muscles are strong. (Str +2) [potion
                  | of mutation]
   379 | D        | Killed a hellion
   401 | D        | Slain by a water elemental

Skill      XL: |  1 |
---------------+----+-----
Unarmed Combat | 5 |  5.9
Fighting       | |  3.0
Armour         | |  1.7
Dodging        | |  0.8

Action                   || total
-------------------------++-------
Melee: Unarmed           ||    51
       Kick              ||     1
  Use: Potion            ||     5
 Stab: Sleeping          ||     1
Armor: Leather armour    ||     6
Dodge: Dodged            ||    18
